cohdb
Replays
Latest Replays
All Replays
Popular Replays
Top Player Replays
Match Explorer
How It Works
Community
CoH3 Stats
Reddit
Sign in to upload your games and track your stats! →
Sign in with Steam
Match 42088672
Unlisted
Match 42088672
Overview
Messages
Build Orders
End
Kradschützen Motorcycle Team
250 Light Carrier
Panzergrenadier Squad
Panzergrenadier Squad
Construct Light Support Kompanie
Selects Panzerjäger Kommand Battlegroup
Selects Mine Fields
Selects Tank Busters
Panzerjäger Squad
Fire Support Elements
Flakvierling Half-track
Panzergrenadier Squad
Construct Mechanized Kompanie
Selects Defensive Positions
Selects Butterfly Bomb Drop
254 Reconnaissance Tractor
254 Reconnaissance Tractor
MG34 Team
StuG III D Assault Gun
Panzerjäger Squad
Panzerjäger Squad
Construct Panzerarmee Kommand
Panzergrenadier Squad
Panzergrenadier Squad
Veteran Squad Leaders
Selects Crew Shock Tactics
Selects Anti-tank Overwatch
Panzer III L Medium Tank
ToXa
Der Wüstenhase
NEGAN
OnlyJustWhite
[82AD] PaulVmax
Random_Target
Mace
A Chunky Chaffinch
0
0
Comments
sign in to comment!
No comments posted yet!